 Dungeon Crawl Stone Soup version 0.29.1-15-g9cfb28693d (webtiles) character file.

Game seed: 872757770241076656

34 promet the Sneak (level 3, -1/24 HPs)
             Began as an Octopode Brigand on Apr 6, 2023.
             Slain by a gnoll
             ... wielding a +0 spear
              (3 damage)
             ... on level 1 of the Dungeon.
             The game lasted 00:04:40 (1402 turns).

promet the Sneak (Octopode Brigand)                 Turns: 1402, Time: 00:04:41

Health: -1/24      AC:  1    Str: 10    XL:     3   Next: 31%
Magic:  3/3        EV: 13    Int: 13    God:
Gold:   84         SH:  0    Dex: 15    Spells: 2/2 levels left

rFire   . . .      SeeInvis .   a - +2 dagger
rCold   . . .      Faith    .   (no shield)
rNeg    . . .      Spirit   .   (helmet restricted)
rPois   .          Reflect  .   (no amulet)
rElec   .          Harm     .   (no ring)
rCorr   .          Rampage  .   (no ring)
Will    .....                   (no ring)
Stlth   ++++......              (no ring)
HPRegen 0.08/turn               (no ring)
MPRegen 0.08/turn               (no ring)
                                (no ring)
                                (no ring)

@: no status effects
A: almost no armour, amphibious, 8 rings, camouflage 1, gelatinous body 1,
(nimble swimmer 1), tentacles
a: no special abilities


You were on level 1 of the Dungeon.
You visited 1 branch of the dungeon, and saw 2 of its levels.

You collected 84 gold pieces.

Inventory:

Hand Weapons
 a - a +2 dagger (weapon)
Missiles
 b - 9 poisoned darts (quivered)
 c - 3 curare-tipped darts
 g - 14 stones
Magical Staves
 i - a staff of death
Potions
 d - 2 potions of mutation {unknown}
 e - a potion of haste {unknown}
 f - 2 potions of degeneration {unknown}
 h - a potion of curing {unknown}
 j - a potion of attraction {unknown}


   Skills:
 * Level 2.2 Fighting
 + Level 2.2 Short Blades
 + Level 2.0 Throwing
 * Level 1.4 Dodging
 + Level 6.3 Stealth


You had 2 spell levels left.
You didn't know any spells.
Your spell library was empty.

Dungeon Overview and Level Annotations

Branches:
Dungeon (2/15)

Altars:


Innate Abilities, Weirdness & Mutations

You cannot wear most types of armour.
You are amphibious.
You can wear up to eight rings at the same time.
Your skin changes colour to match your surroundings (Stealth+).
Your rubbery body absorbs attacks. (AC +1, EV +1)
((You are camouflaged when in or above water. (Stealth+)))
You have tentacles for arms and can constrict up to eight enemies at once.


Message History

You hit the gnoll. You grab the gnoll. You squeeze the gnoll.
The gnoll is lightly wounded.
You constrict the gnoll, but do no damage.
You hit the gnoll but do no damage. You squeeze the gnoll.
The gnoll is heavily wounded.
You constrict the gnoll. The gnoll closely misses you.
You hit the gnoll but do no damage. You squeeze the gnoll.
The gnoll is severely wounded.
You constrict the gnoll. The gnoll hits you with a +0 flail.
You hit the gnoll but do no damage. You squeeze the gnoll.
You kill the gnoll!
You have reached level 3!
Your experience leads to an increase in your attributes!
Increase (S)trength, (I)ntelligence, or (D)exterity?
You feel agile. x2
You start resting.
HP restored.
You start waiting.
Done waiting.
There is a stone staircase leading down here.
You climb downwards.
There is a stone staircase leading up here.
The helpless gnoll fails to defend itself.
You impale the gnoll!!
You kill the gnoll!
The gnoll shouts!
The gnoll barely misses you. The gnoll misses you.
The gnoll hits you with a +0 club.
You climb upwards.
There is a stone staircase leading down here.
The gnoll misses you. The gnoll hits you with a +0 spear!
The gnoll hits you from afar with a +0 spear!
* * * LOW HITPOINT WARNING * * *
Okay, then.
You hit the gnoll. Your grab misses the gnoll.
The gnoll is lightly wounded.
The gnoll hits you with a +0 club.
* * * LOW HITPOINT WARNING * * *
The gnoll hits you from afar with a +0 spear.
You die...

## #.# .# #.# .# ### #.#
.######.# #######.### .....##.#
######## #.......... .....##.#
#.>...>####.####...## ###..##.#
#.####..............# ..#..##.##
#.##.gg.....###....## ..#......#
#.##@#..##### #.#.## ..#..###.#
#.......#######.#.# ).#..# #.#
###...#.........#.# ..#..# #.#
#...###########'## ..#..# #.#
#...# ##...## ..+..# #.# ##.####
##.....# ###..# #.# #.##.##
##.......
.....###.#######.#...####........
.....##.................'........


You could see 2 gnolls.

Vanquished Creatures
  2 gnolls
  2 endoplasms (D:1)
  4 giant cockroaches (D:1)
  2 goblins (D:1)
  A kobold (D:1)
  A ball python (D:1)
  A bat (D:1)
  A frilled lizard (D:1)
14 creatures vanquished.

Notes
Turn   | Place    | Note
-------+----------+-------------------------------------------
     0 | D:1      | promet the Octopode Brigand began the quest for the Orb.
     0 | D:1      | Reached XP level 1. HP: 14/14 MP: 1/1
   506 | D:1      | Reached XP level 2. HP: 15/19 MP: 2/2
   747 | D:1      | Reached skill level 6 in Stealth
  1189 | D:1      | Reached XP level 3. HP: 17/24 MP: 3/3
  1402 | D:1      | Slain by a gnoll

Illustrated notes

Levels and vault maps discovered:
D:1:      lemuel_arrival_room, layout_loops_corners
D:2:      layout_loops_cross, chequers_ecumenical_altar_island,
          minmay_three_crescents

Skill      XL: |  1  2 |
---------------+-------+-----
Stealth        | 6 |  6.3
Fighting       | |  2.2
Short Blades   | |  2.2
Throwing       | |  2.0
Dodging        | |  1.4

Action                   || total
-------------------------++-------
Melee: Dagger            ||    25
       Constrict         ||     4
       Tentacles         ||     5
 Stab: Sleeping          ||     7
Armor: Skin              ||     1
Dodge: Dodged            ||    14
